 Dungeon Crawl Stone Soup version 0.15.2 (webtiles) character file.

4 MisterOstroum the Insei (level 1, 0/18 HPs)
             Began as a Mummy Monk on Oct 13, 2020.
             Slain by a jackal (3 damage)
             ... on Level 1 of the Dungeon.
             The game lasted 00:00:31 (218 turns).

MisterOstroum the Insei (Mummy Monk)                 Turns: 218, Time: 00:00:31

HP   0/18        AC  0     Str 14      XL: 1   Next: 50%
MP   1/1         EV 13     Int  9      God:
Gold 18          SH  0     Dex 14      Spells:  0 memorised,  0 levels left

rFire  x . .     SeeInvis .       - Unarmed
rCold  + . .     Clarity  .     (no armour)
rNeg   + + +     rCorr    .     (no shield)
rPois  +         rRot     +     (no helmet)
rElec  .         Spirit   .     (no cloak)
SustAb .         Warding  .     (no gloves)
rMut   .         Stasis   .     (no boots)
Gourm  .                        (no amulet)
MR     .....                    (no ring)
                                (no ring)

@: not resistant to hostile enchantments, unstealthy
A: no food or potions, fire vulnerability, restore body, cold resistance 1,
negative energy resistance 3, poison resistance, torment resistance, unbreathing
a: no special abilities


You were on level 1 of the Dungeon.
You were not hungry.

You visited 1 branch of the dungeon, and saw 1 of its levels.

You collected 18 gold pieces.

Inventory:

Armour
 a - a +0 robe
Scrolls
 b - a scroll of identify {!r, unknown}
 c - a scroll of magic mapping {!r, unknown}
 d - a scroll of immolation {!r, unknown}


   Skills:
 + Level 3.1 Fighting
 - Level 2.4 Dodging
 - Level 1.5 Stealth
 * Level 3.4 Unarmed Combat


You couldn't memorise any spells.
You didn't know any spells.

Dungeon Overview and Level Annotations

Branches:
Dungeon (1/15)

Altars:


Innate Abilities, Weirdness & Mutations

You do not eat or drink.
Your flesh is vulnerable to fire.
Your flesh is cold resistant.
You are immune to negative energy.
Your system is resistant to poisons.
You are immune to unholy pain and torment.
You can survive without breathing.


Message History

Found a staircase leading out of the dungeon.
Wear which item? (? for menu, Esc to quit)
You start removing your armour.
You continue taking off your +0 robe.
You continue taking off your +0 robe. x3
You finish taking off your +0 robe.
You open the door.
There is an open door here.
You now have 4 gold pieces.
You open the door.
There is an open door here.
b - a scroll labeled SMOERHUZEL {!r} A bat comes into view.
A bat is nearby!
The bat hits you.
A bat is nearby!
A bat is nearby!
A bat is nearby!
The bat hits you.
Found a scroll labeled JIEGUW SONEL.
A rat comes into view.
The bat barely misses you. The bat misses you. The bat barely misses you.
The bat hits you.
You miss the bat. The bat hits you. The bat hits you. x2
You hit the bat.
You kill the bat!
You hit the rat.
The rat is moderately wounded.
The rat barely misses you.
You hit the rat.
The rat is severely wounded.
The rat bites you.
You hit the rat.
You kill the rat!
Things that are here:
a rat corpse; a bat corpse You now have 18 gold pieces (gained 14).
c - a scroll labeled BOLALORESM {!r}
d - a scroll labeled JIEGUW SONEL {!r} You start resting.
A kobold comes into view.
A kobold is nearby!
A kobold is nearby!
A kobold is nearby!
No target in view!
You start resting.
HP restored.
The kobold shouts!
The kobold barely misses you.
You hit the kobold but do no damage. The kobold barely misses you.
You hit the kobold.
You kill the kobold!
No target in view!
No target in view!
You see here a kobold corpse.
Found a runed mace.
A jackal comes into view.
The jackal barks!
A jackal is nearby!
Found 7 gold pieces.
A jackal and a kobold come into view.
You hit the jackal.
The jackal is moderately wounded.
The jackal bites you.
You hit the jackal.
The jackal is moderately wounded.
The jackal bites you. The jackal barely misses you.
You closely miss the jackal.
The jackal is moderately wounded.
The jackal closely misses you.
You hit the jackal but do no damage.
The jackal is moderately wounded.
The jackal closely misses you. The jackal barely misses you.
You hit the jackal but do no damage.
The jackal is lightly wounded.
The jackal bites you.
You hit the jackal but do no damage. The jackal closely misses you.
The jackal barely misses you.
You closely miss the jackal. The jackal closely misses you.
A giant newt comes into view.
You hit the jackal.
The jackal is moderately wounded.
The jackal barely misses you.
You hit the jackal.
The jackal is moderately wounded.
The jackal barely misses you.
You closely miss the jackal.
The jackal is moderately wounded.
The jackal bites you. x2
You hit the jackal but do no damage.
The jackal is moderately wounded.
The jackal bites you.
* * * LOW HITPOINT WARNING * * *
You hit the jackal.
You kill the jackal!
The jackal barely misses you.
You barely miss the jackal. The jackal barely misses you. The jackal bites you.
You die...

.....#...
K.....#..
.........
........#
#.....$#
## #.# ..
#K# .#
#h# .#
#@##.#
##.#..#
#....#
#....#
#...##
#...###
#### ##
#.....##
... .#
#...#..#
.# ####.#
###.###.#


You could see a jackal and a kobold.

Vanquished Creatures
  A jackal (D:1)
  A kobold (D:1)
  A bat (D:1)
  A rat (D:1)
4 creatures vanquished.

Notes
Turn   | Place    | Note
--------------------------------------------------------------
     0 | D:1      | MisterOstroum, the Mummy Monk, began the quest for the Orb.
     0 | D:1      | Reached XP level 1. HP: 18/18 MP: 1/1
   218 | D:1      | Slain by a jackal

Action                   || total
-------------------------++-------
Melee: Unarmed           ||    20
